 Dungeon Crawl Stone Soup version 0.25.1-2-g60ff931df9 (webtiles) character file.

Game seed: 14034069372513070567

5292 gruber the Grappler (level 10, -1/91 HPs)
             Began as a Naga Transmuter on Nov 3, 2020.
             Was an Elder of Okawaru.
             Slain by a cyclops (22 damage)
             ... on level 11 of the Dungeon.
             The game lasted 00:22:24 (13951 turns).

gruber the Grappler (Naga Transmuter)              Turns: 13951, Time: 00:22:25

Health: -1/91      AC:  2    Str: 12    XL:     10   Next: 63%
Magic:  11/16      EV: 21    Int: 18    God:    Okawaru [****..]
Gold:   242        SH:  0    Dex: 16    Spells: 7/17 levels left

rFire    . . .     SeeInvis +     - Unarmed
rCold    . . .     Gourm    .   (shield currently unavailable)
rNeg     . . .     Faith    .   (armour currently unavailable)
rPois    .         Spirit   .   (helmet currently unavailable)
rElec    .         Reflect  .   (cloak currently unavailable)
rCorr    .         Harm     .   (gloves currently unavailable)
MR       +....                  (no barding)
Stlth    +.........             u - amulet of the acrobat
HPRegen  0.25/turn              E - ring of see invisible
MPRegen  0.15/turn              D - ring of poison resistance

@: spider-form (expiring)
A: tiny, see invisible, slow metabolism 1, spit poison 1, AC +3
a: Spit Poison, End Transformation, Heroism, Renounce Religion


You were on level 11 of the Dungeon.
You worshipped Okawaru.
Okawaru was greatly pleased with you.
You were not hungry.
You were a venomous arachnid creature.
You visited 2 branches of the dungeon, and saw 12 of its levels.

You collected 385 gold pieces.
You spent 143 gold pieces at shops.

Inventory:

Missiles
 a - 132 arrows
 r - 2 javelins (quivered)
Armour
 B - a +0 robe of magic resistance (melded)
 C - a +2 hat (melded)
 F - a +0 troll leather armour
Jewellery
 u - an amulet of the acrobat (around neck)
 D - a ring of poison resistance (right front leg)
 E - a ring of see invisible (left front leg)
 H - an uncursed amulet of faith {unknown}
Wands
 x - a wand of flame (23)
 y - a wand of paralysis (9)
 I - a wand of iceblast (5)
Scrolls
 e - 2 scrolls of enchant armour {unknown}
 f - a scroll of random uselessness {unknown}
 g - 8 scrolls of identify
 h - a scroll of fear {unknown}
 k - 4 scrolls of magic mapping {unknown}
 l - 4 scrolls of teleportation
 m - 2 scrolls of noise {unknown}
 n - a scroll of immolation {unknown}
 o - 4 scrolls of remove curse {unknown}
 p - 3 scrolls of amnesia {unknown}
 q - 4 scrolls of enchant weapon {unknown}
 t - 3 scrolls of blinking {unknown}
 G - a scroll of fog {unknown}
Potions
 b - a potion of invisibility {unknown}
 c - 2 potions of flight
 i - 2 potions of ambrosia {unknown}
 j - 2 potions of mutation {unknown}
 s - 2 potions of degeneration {unknown}
 v - 2 potions of curing
 w - a potion of haste {unknown}
 z - a potion of heal wounds
 A - a potion of magic {unknown}
Comestibles
 d - 16 rations
 J - 2 chunks of flesh


   Skills:
 - Level 6.0 Fighting
 - Level 3.0 Dodging
 - Level 10.0 Unarmed Combat
 * Level 4.0 Spellcasting
 - Level 8.2 Transmutations
 - Level 4.0 Ice Magic
 - Level 3.1 Poison Magic


You had 7 spell levels left.
You knew the following spells:

 Your Spells              Type           Power        Failure   Level  Hunger
a - Beastly Appendage     Tmut           ####..       3%          1    None
b - Sticks to Snakes      Tmut           ####....     4%          2    ##.....
c - Spider Form           Tmut/Pois      ###.......   13%         3    ###....
d - Ice Form              Ice/Tmut       ####....     28%         4    ####...

Your spell library contained the following spells:

 Spells                   Type           Power        Failure   Level  Hunger
 Blade Hands              Tmut           ####......   32%         5    ######.


Dungeon Overview and Level Annotations

Branches:
Dungeon (11/15)            Temple (1/1) D:5
   Lair: D:8-11         Orc: D:9-12

Altars:
Ashenzari
Cheibriados
Dithmenos
Elyvilon
Fedhas
Gozag
Kikubaaqudgha
Makhleb
Nemelex Xobeh
Okawaru
Qazlal
Ru
Sif Muna
Uskayaw
Vehumet
Wu Jian
Xom
Yredelemnul
Zin
The Shining One

Shops:
D:7 (!?}


Innate Abilities, Weirdness & Mutations

You cannot wear boots.
((Your serpentine skin is tough. (AC +3)))
You have supernaturally acute eyesight. (SInv)
((Armour fits poorly on your strangely shaped body.))
((Your system is resistant to poisons. (rPois)))
((You cover ground very slowly.))
You have a slow metabolism.
You can spit poison.


Message History

Unknown command.
Evoke which item? (* to show all) (? for menu, Esc to quit)
Aiming: Throw Flame
Press: ? - help, Shift-Dir - straight line, f - cyclops
Aim: a cyclops, quivering 2 large rocks (severely wounded, extremely poisoned)
The puff of flame hits the cyclops!
The cyclops is almost dead.
The cyclops hits you!!
* * * LOW HITPOINT WARNING * * *
Unknown command.
Unknown command.
Unknown command.
Unknown command.
Evoke which item? (* to show all) (? for menu, Esc to quit)
Okay, then.
Unknown command.
You feel much better. The cyclops hits you!!
* * * LOW HITPOINT WARNING * * *
You feel much better. The cyclops hits you!!
You die...

####+### #+#######
#.<....# .......<#
#......# .......s#
#......#
........CY...#C.....#
........####.'......#
.......%# #......#
........# #......#
........# ###+####
........# ####.####


You could see a cyclops (extremely poisoned) and an ice beast.

Vanquished Creatures
  A troll (D:9)
  A hornet (D:10)
  A hippogriff (D:9)
  Eustachio (D:4)
  2 wyverns (D:10)
  A water moccasin (D:7)
  4 sky beasts
  2 black bears
  2 orc warriors (D:8)
  2 phantoms
  An ice beast (D:8)
  5 centaurs
  A crocodile (D:10)
  2 big kobolds
  4 bullfrogs
  A gnoll sergeant (D:6)
  A wyvern zombie (D:7)
  A scorpion (D:9)
  5 killer bees (D:10)
  4 howler monkeys
  9 crimson imps
  2 quasits (D:10)
  A centaur zombie (D:10)
  2 jellies
  4 hounds
  5 orc wizards
  6 orc priests
  2 centaur skeletons
  A gnoll shaman (D:9)
  Ijyb (D:5)
  8 worker ants
  A killer bee zombie (D:10)
  A hound skeleton (D:7)
  8 gnolls
  8 adders
  A shadow imp (D:7)
  2 oozes
  An adder skeleton (D:9)
  3 worms
  4 dart slugs
  6 leopard geckos
  25 orcs
  2 ball pythons (D:2)
  5 bats
  3 giant cockroaches
  6 goblins
  5 hobgoblins
  13 jackals
  2 quokkas
  2 frilled lizards (D:2)
  A jackal skeleton (D:4)
  A jackal zombie (D:6)
  18 kobolds
  2 leopard gecko skeletons
  A leopard gecko zombie (D:6)
  6 rats
210 creatures vanquished.

Vanquished Creatures (collateral kills)
  An adder (D:2)
  A worm (D:2)
2 creatures vanquished.

Grand Total: 212 creatures vanquished

Notes
Turn   | Place    | Note
-------+----------+-------------------------------------------
     0 | D:1      | gruber the Naga Transmuter began the quest for the Orb.
     0 | D:1      | Reached XP level 1. HP: 18/18 MP: 3/3
   215 | D:1      | Reached XP level 2. HP: 25/25 MP: 5/5
   223 | D:1      | Learned a level 2 spell: Sticks to Snakes
   933 | D:1      | Reached skill level 4 in Unarmed Combat
  1183 | D:2      | Found an ancient bone altar of Kikubaaqudgha.
  1200 | D:2      | Reached XP level 3. HP: 31/31 MP: 6/6
  1941 | D:2      | Reached XP level 4. HP: 38/38 MP: 7/7
  2060 | D:2      | Learned a level 3 spell: Spider Form
  2081 | D:2      | Reached skill level 5 in Unarmed Combat
  2357 | D:2      | Found a basalt altar of Yredelemnul.
  2357 | D:2      | Found a hide-covered altar of Uskayaw.
  2653 | D:3      | Found a stormy altar of Qazlal.
  2660 | D:3      | Reached skill level 1 in Poison Magic
  3144 | D:3      | Found a shimmering blue altar of Sif Muna.
  3147 | D:3      | Reached XP level 5. HP: 44/44 MP: 8/8
  3148 | D:3      | Found an ornate altar of the Wu Jian Council.
  3148 | D:3      | Found a shimmering altar of Xom.
  3150 | D:3      | Found a blossoming altar of Fedhas.
  3150 | D:3      | Found a shimmering altar of Xom.
  3150 | D:3      | Found a shattered altar of Ashenzari.
  3221 | D:3      | Found a sparkling altar of Nemelex Xobeh.
  3288 | D:3      | Found a shadowy altar of Dithmenos.
  4089 | D:4      | Reached XP level 6. HP: 22/51 MP: 7/10
  4651 | D:4      | Noticed Eustachio
  5006 | D:4      | Killed Eustachio
  5224 | D:5      | Entered Level 5 of the Dungeon
  5309 | D:5      | Found a staircase to the Ecumenical Temple.
  5363 | D:5      | Reached XP level 7. HP: 27/57 MP: 5/11
  5365 | D:5      | Reached skill level 5 in Transmutations
  5950 | D:5      | Noticed Ijyb
  5958 | D:5      | Killed Ijyb
  5990 | D:5      | Reached skill level 6 in Unarmed Combat
  6037 | D:5      | Reached XP level 8. HP: 57/64 MP: 8/12
  6104 | Temple   | Entered the Ecumenical Temple
  6162 | Temple   | Became a worshipper of Warmaster Okawaru
  6529 | D:6      | Reached skill level 7 in Unarmed Combat
  6614 | D:6      | Reached skill level 8 in Unarmed Combat
  7351 | D:6      | HP: 1/64 [gnoll sergeant/+4 spear of flaming (4)]
  7353 | D:6      | Reached * piety under Okawaru
  7677 | D:5      | Learned a level 4 spell: Ice Form
  7891 | D:6      | Reached skill level 9 in Unarmed Combat
  8063 | D:6      | Found a shimmering blue altar of Sif Muna.
  8253 | D:7      | Found Tott's Magic Scroll Shop.
  8258 | D:7      | Bought a scroll of teleportation for 39 gold pieces
  8264 | D:7      | Found Qocyddy's Gadget Shop.
  8324 | D:7      | Reached XP level 9. HP: 64/70 MP: 9/13
  8566 | D:7      | Found Xoudocui's Distillery.
  8591 | D:7      | Reached ** piety under Okawaru
  8591 | D:7      | Reached skill level 10 in Unarmed Combat
  8641 | D:7      | Bought a potion of heal wounds for 65 gold pieces
  8641 | D:7      | Bought a potion of curing for 39 gold pieces
  8709 | D:7      | Reached skill level 1 in Ice Magic
  8831 | D:7      | Found Heff's Antique Weapon Emporium.
  9536 | D:8      | Found a burning altar of Makhleb.
 10926 | D:9      | Noticed a troll
 10937 | D:9      | Killed a troll
 11544 | D:9      | Reached *** piety under Okawaru
 11544 | D:9      | Reached XP level 10. HP: 26/78 MP: 11/14
 12522 | D:10     | Entered Level 10 of the Dungeon
 13163 | D:10     | Reached skill level 5 in Fighting
 13841 | D:11     | Noticed a cyclops
 13907 | D:11     | Reached **** piety under Okawaru
 13950 | D:11     | HP: 3/91 [cyclops (26)]
 13951 | D:11     | Slain by a cyclops

Illustrated notes

Levels and vault maps discovered:
D:1:      wander_arrival_abandoned_jail, layout_loops_ring, serial_park_tiny_1,
          minmay_misc_feat_cross, roderic_roman_lattice
D:2:      layout_basic, lemuel_doored_altar, gammafunk_temple_overflow_elements,
          first_ration
D:3:      layout_basic, old_standard_altar, nicolae_overflow_crystal_walls,
          nemelex_xobeh_ov_fountains_minmay, doesnt_xom_only_xom
D:4:      layout_loops_corners, kennysheep_mini, tgw_trog, uniq_eustachio
D:5:      cheibrodos_iron_armory, layout_rooms,
          minmay_temple_entry_glassed_door, uniq_ijyb
D:6:      layout_basic, led_sif_pool, serial_glass, glass_columns_b,
          glass_columns_a, glass_columns_a, glass_columns_a
D:7:      layout_loops_ring, serial_shops, shop, shop_fountains, shop, shop
D:8:      layout_loops_ring, basic_altar
D:9:      layout_gridville
D:10:     layout_cave_pools
D:11:     layout_roguey, minmay_lair_entry_grove, minmay_orc_entry_temple_small
Temple:   cyrus_circular_temple

Skill      XL: |  1  2  3  4  5  6  7  8  9 10 |
---------------+-------------------------------+-----
Unarmed Combat | 4 5 6 9 10 | 10.0
Poison Magic   | 2 3 |  3.1
Spellcasting   | 3 4 |  4.0
Transmutations | 4 6 8 |  8.2
Ice Magic      | 4 |  4.0
Dodging        | 2 3 |  3.0
Fighting       | 6 |  6.0

Action                   |  1- 3 |  4- 6 |  7- 9 | 10-12 || total
-------------------------+-------+-------+-------+-------++-------
Melee: Unarmed           |   128 |   161 |   401 |   131 ||   821
       Punch             |     3 |     1 |     4 |     1 ||     9
Throw: Javelin           |       |     2 |       |       ||     2
 Cast: Beastly Appendage |     1 |       |       |       ||     1
       Sticks to Snakes  |     2 |     6 |     4 |     3 ||    15
       Spider Form       |       |     6 |    45 |    10 ||    61
       Ice Form          |       |       |     2 |     7 ||     9
 Abil: Spit Poison       |    10 |    13 |     2 |     1 ||    26
Evoke: Wand              |       |       |       |     1 ||     1
  Use: Scroll            |       |     1 |       |       ||     1
       Potion            |       |       |       |     2 ||     2
 Stab: Sleeping          |     1 |       |       |       ||     1
       Distracted        |       |       |       |     1 ||     1
  Eat: Chunk             |     3 |     7 |    21 |     5 ||    36
       Ration            |       |     1 |       |     1 ||     2
Armor: Robe              |    24 |    28 |    18 |     8 ||    78
       Skin              |       |     3 |    16 |    21 ||    40
Dodge: Dodged            |    58 |   108 |   292 |   109 ||   567
